 Seeded DCSS version 0.28.0-62-gf88900778d (webtiles) character file.

Game seed: 11237219547259039194 (custom seed)

805 cbfl8 the Shield-Bearer (level 7, -3/53 HPs)
             Began as a Demonspawn Fighter on July 1, 2023.
             Slain by a wraith (9 damage)
             ... on level 5 of the Dungeon.
             The game lasted 00:04:52 (5189 turns).

cbfl8 the Shield-Bearer (Demonspawn Fighter)        Turns: 5189, Time: 00:04:53

Health: -3/53      AC: 14    Str: 17    XL:     7   Next: 60%
Magic:  7/7        EV:  4    Int:  9    God:
Gold:   217        SH: 14    Dex: 20    Spells: 6/6 levels left

rFire   + . .      SeeInvis .   a - +0 war axe
rCold   + . .      Faith    .   j - +0 kite shield
rNeg    . . .      Spirit   .   h - +0 gold dragon scales
rPois   +          Reflect  .   (helmet restricted)
rElec   .          Harm     .   (no cloak)
rCorr   .          Rampage  .   (no gloves)
Will    .....                   (no boots)
Stlth   ..........              (no amulet)
HPRegen 0.17/turn               g - +6 ring of dexterity
MPRegen 0.10/turn               (no ring)

@: agile, slowed, very slow
A: horns 2, powered by pain 2, condensation shield
a: no special abilities


You were on level 5 of the Dungeon.
You visited 1 branch of the dungeon, and saw 6 of its levels.

You collected 217 gold pieces.

Inventory:

Hand Weapons
 a - a +0 war axe (weapon)
Armour
 h - +0 gold dragon scales (worn)
 j - a +0 kite shield (worn)
Jewellery
 g - a +6 ring of dexterity (left hand)
Wands
 i - a wand of mindburst (7) (quivered)
Scrolls
 b - a scroll of fog
 e - a scroll of enchant weapon
 l - a scroll of summoning {unknown}
Potions
 c - a potion of might
 d - a potion of magic {unknown}
 f - 2 potions of resistance
 k - a potion of attraction {unknown}


   Skills:
 + Level 3.9 Fighting
 + Level 4.5 Axes
 + Level 4.1 Armour
 * Level 4.8 Shields
 * Level 3.3 Evocations


You had 6 spell levels left.
You didn't know any spells.
Your spell library contained the following spells:

 Spells                   Type           Power      Damage    Failure   Level
 Beastly Appendage        Tmut           0%         N/A       100%        1
 Ensorcelled Hibernation  Hex/Ice        0%         N/A       100%        2
 Passwall                 Tmut/Erth      0%         N/A       100%        2
 Wereblood                Tmut           0%         N/A       100%        2
 Spider Form              Tmut/Pois      0%         N/A       100%        3
 Swiftness                Air            0%         N/A       100%        3


Dungeon Overview and Level Annotations

Branches:
Dungeon (6/15)
 Temple: D:4-7

Altars:


Innate Abilities, Weirdness & Mutations

You have a pair of horns on your head.
You sometimes gain power by taking damage.
A meltable shield of frost defends you. (SH +4)


Message History

You block the gnoll's attack.
Unknown command.
Aiming: Mindburst
Press: ? - help, Q - select action Shift-Dir - straight line, f/p - wraith
Aim: a wraith (chance to affect: 44%)
The wraith resists with some effort.
The wraith hits you! The wraith drains your vigour!
You feel yourself slow down. You block the gnoll's attack.
Aiming: Mindburst
Press: ? - help, Q - select action Shift-Dir - straight line, f/p - wraith
Aim: a wraith (chance to affect: 44%)
The wraith's mind is blasted!
The wraith hits you but does no damage. You block the gnoll's attack.
The wraith hits you!
* * * LOW HITPOINT WARNING * * *
The wraith drains your vigour!
You feel as though you will be slow longer.
Unknown command.
Aiming: Mindburst
Press: ? - help, Q - select action Shift-Dir - straight line, f/p - wraith
Aim: a wraith (heavily damaged, chance to affect: 44%)
The wraith resists with some effort.
You block the gnoll's attack. The wraith barely misses you.
A gnoll comes into view. It is wielding a +0 club.
You block the gnoll's attack.
Aiming: Mindburst
Press: ? - help, Q - select action Shift-Dir - straight line, f/p - wraith
Aim: a wraith (heavily damaged, chance to affect: 44%)
The wraith resists with some effort.
The wraith hits you.
* * * LOW HITPOINT WARNING * * *
You block the gnoll's attack. The wraith hits you.
* * * LOW HITPOINT WARNING * * *
The wraith drains your vigour!
You feel as though you will be slow longer.
Things that are here:
a +0 whip; a +0 leather armour An orc priest comes into view.
It is wielding a +0 dagger.
You block the gnoll's attack. The wraith hits you!
You die...

#....##...##†#
#.#......#...#
#..#....#....#
#...#..#.....#
#.....#......#
#....##......#
#...#.###.#..#
#..#..# #.#.##
#.#@..# #.#.#
##W..## #.#.#
#gg..# #.#
#).#...# .#
#o...#..#
#......#.#
#.........#
###########


You could see a wraith, an orc priest and 2 gnolls.

Vanquished Creatures
  A sky beast (D:5)
  An ice beast (D:6)
  A black bear (D:5)
  An ogre (D:4)
  A wyvern zombie (D:6)
  2 hounds
  A gnoll shaman (D:5)
  An iguana (D:5)
  An orc wizard (D:4)
  8 gnolls
  6 adders
  An ufetubus (D:4)
  4 worms
  3 dart slugs
  13 orcs
  6 ball pythons
  12 endoplasms
  2 giant cockroaches
  5 goblins
  A hobgoblin (D:3)
  11 jackals
  13 kobolds
  3 quokkas (D:3)
  5 bats
  5 frilled lizards
  7 rats
115 creatures vanquished.

Notes
Turn   | Place    | Note
-------+----------+-------------------------------------------
     0 | D:1      | cbfl8 the Demonspawn Fighter began the quest for the Orb.
     0 | D:1      | Reached XP level 1. HP: 18/18 MP: 1/1
   357 | D:1      | Gained mutation: A meltable shield of frost defends you.
                  | (SH +4) [demonic ancestry]
   357 | D:1      | Reached XP level 2. HP: 24/24 MP: 2/2
   792 | D:1      | Gained mutation: You have a pair of small horns on your
                  | head. [demonic ancestry]
   792 | D:1      | Reached XP level 3. HP: 29/29 MP: 3/3
  1089 | D:2      | Reached skill level 1 in Evocations
  1293 | D:2      | Reached XP level 4. HP: 10/35 MP: 4/4
  1352 | D:2      | Found a faded altar of an unknown god.
  2418 | D:3      | Gained mutation: You sometimes gain a little power by
                  | taking damage. [demonic ancestry]
  2418 | D:3      | Reached XP level 5. HP: 30/41 MP: 5/5
  2571 | D:3      | Found a glowing drain.
  3376 | D:4      | Identified the +0 ring mail "Yvymet" {rPois rC+}
  3808 | D:4      | Gained mutation: You sometimes gain power by taking damage.
                  | [demonic ancestry]
  3808 | D:4      | Reached XP level 6. HP: 39/47 MP: 6/6
  4111 | D:4      | You fall into a shaft and drop 2 floors!
  4111 | D:6      | Noticed an ice beast
  4113 | D:6      | Killed an ice beast
  4248 | D:6      | Gained mutation: You have a pair of horns on your head.
                  | [demonic ancestry]
  4248 | D:6      | Reached XP level 7. HP: 34/53 MP: 7/7
  4393 | D:5      | Entered Level 5 of the Dungeon
  5178 | D:5      | Noticed a wraith
  5189 | D:5      | Slain by a wraith

Illustrated notes

Levels and vault maps discovered:
D:1:      dpeg_arrival_rooms_a, layout_basic
D:2:      layout_loops_ring, ebering_ecumenical_altar_abandoned
D:3:      layout_rooms, gup_sewer_entry_spiral, minmay_starry_boxes
D:4:      layout_layer_cave, corexii_checkpoint_a, wad_orctagon
D:5:      layout_basic, nicolae_overflow_hallway_of_the_gods,
          corexii_corridor_pit, hangedman_decor_slide_cut,
          minmay_misc_feat_four_crosses, minmay_misc_feat_iff,
          hangedman_decor_points
D:6:      layout_gridville, gammafunk_temple_overflow_statue

Skill      XL: |  1  2  3  4  5  6  7 |
---------------+----------------------+-----
Axes           | 2 3 4 |  4.5
Shields        | 3 4 |  4.8
Evocations     | 1 2 3 |  3.3
Armour         | 3 4 |  4.1
Fighting       | |  3.9

Action                   |  1- 3 |  4- 6 |  7- 9 || total
-------------------------+-------+-------+-------++-------
Melee: War axe           |    91 |   173 |    43 ||   307
       Headbutt          |     4 |    31 |    12 ||    47
Evoke: Wand              |       |     2 |     6 ||     8
  Use: Scroll            |       |     5 |     1 ||     6
       Potion            |       |     1 |       ||     1
Armor: Scale mail        |    13 |       |       ||    13
       Gold dragon scale |    35 |   108 |    30 ||   173
Dodge: Dodged            |    17 |     1 |     1 ||    19
Block: Buckler           |    32 |    18 |       ||    50
       Kite shield       |       |   131 |    49 ||   180
